 Dungeon Crawl Stone Soup version 0.30-a0-141-g30f27751c5 (webtiles) character file.

Game seed: 6897539209564626129

177 qw the Chopper (level 5, -7/32 HPs)
             Began as a Gargoyle Fighter on Sept 25, 2022.
             Mangled by a gnoll
             ... wielding a +0 halberd
              (11 damage)
             ... on level 6 of the Dungeon.
             The game lasted 00:00:57 (2481 turns).

qw the Chopper (Gargoyle Fighter)                   Turns: 2481, Time: 00:00:57

Health: -7/32      AC: 11    Str: 21    XL:     5   Next: 57%
Magic:  5/5        EV:  9    Int:  9    God:
Gold:   73         SH:  4    Dex:  9    Spells: 4/4 levels left

rFire   . . .      SeeInvis .    Y - +1 war axe
rCold   . . .      Faith    .    c - +0 buckler
rNeg    + . .      Spirit   .    b - +0 scale mail
rPois   inf        Reflect  .    g - +1 hat
rElec   +          Harm     .    (no cloak)
rCorr   .          Rampage  .    (no gloves)
Will    .....                    (no boots)
Stlth   ..........               (no amulet)
HPRegen 0.10/turn                (no ring)
MPRegen 0.09/turn                (no ring)

@: no status effects
A: sickness immunity, AC +4, negative energy resistance 1, electricity
resistance, torment resistance 1, petrification resistance
a: no special abilities


You were on level 6 of the Dungeon.
You visited 1 branch of the dungeon, and saw 4 of its levels.

You collected 73 gold pieces.


Innate Abilities, Weirdness & Mutations

You are immune to sickness and miasma.
Your stone body is resilient. (AC +4)
You are immune to poison.
You resist negative energy. (rN+)
You are resistant to electric shocks. (rElec)
You are resistant to unholy torment.
You are immune to petrification.


   Skills:
 + Level 3.4 Fighting
 - Level 5.0 Axes
 - Level 3.2 Armour
 - Level 3.2 Shields


You had 4 spell levels left.
You didn't know any spells.
Your spell library was empty.

Inventory:

Hand Weapons
 e - a +0 flail
 Y - a +1 war axe (weapon)
Missiles
 m - a boomerang (quivered)
Armour
 b - a +0 scale mail (worn)
 c - a +0 buckler (worn)
 g - a +1 hat (worn)
Jewellery
 k - a ring of resist corrosion
Scrolls
 f - a scroll of identify {unknown}
 j - a scroll of magic mapping {unknown}
Potions
 a - a potion of cancellation {unknown}
 d - a potion of might
 h - 3 potions of ambrosia {unknown}
 i - a potion of curing
 l - a potion of lignification {unknown}

Dungeon Overview and Level Annotations

Branches:
Dungeon (3/15)

Altars:
Ru

Shops:
D:6 *

Annotations:
D:3 1 runed translucent door, qw's ghost, amateur GrFi


Message History

The hound bites you but does no damage.
You hit the hound.
The hound is severely wounded.
The hound bites you but does no damage. You block the gnoll's attack.
The hound bites you but does no damage.
You hit the hound.
You kill the hound!
Your Axes skill increases to level 5!
The gnoll closely misses you.
Things that are here:
a +0 flail; a gnoll corpse You hit the gnoll.
The gnoll is lightly wounded.
The gnoll completely misses you. The gnoll hits you with a +0 spear.
The gnoll hits you from afar with a +0 halberd.
The gnoll hits you but does no damage.
You barely miss the gnoll.
The gnoll is lightly wounded.
The gnoll hits you from afar with a +0 halberd.
The gnoll hits you with a +0 spear.
You closely miss the gnoll.
The gnoll is lightly wounded.
The gnoll hits you from afar with a +0 halberd.
The gnoll hits you but does no damage.
You barely miss the gnoll.
The gnoll is lightly wounded.
The gnoll closely misses you. You block the gnoll's attack.
You barely miss the gnoll.
The gnoll is lightly wounded.
The gnoll hits you from afar with a +0 halberd!
The gnoll hits you but does no damage. The gnoll closely misses you.
The gnoll completely misses you.
You hit the gnoll.
The gnoll is heavily wounded.
The gnoll hits you but does no damage. x2
You slash the gnoll!
You kill the gnoll!
The gnoll hits you from afar with a +0 halberd.
The gnoll barely misses you. The gnoll hits you with a +0 halberd!
You die...

## .7######
P......#########
..####.........#
..# #########.##
###
........)########
####....\@gg....#
#.##..####...# #.
#..# . . #..# #
#... ##># #.# #.


You could see 2 gnolls.

Vanquished Creatures
  A hound (D:6)
  3 gnolls
  4 adders (D:2)
  2 shadow imps (D:6)
  A worm (D:2)
  A ball python (D:2)
  6 bats
  7 endoplasms
  5 giant cockroaches
  8 hobgoblins
  3 jackals (D:1)
  2 quokkas
  7 frilled lizards
  5 goblins
  4 kobolds
  8 rats (D:1)
67 creatures vanquished.

Notes
Turn   | Place    | Note
-------+----------+-------------------------------------------
     0 | D:1      | qw the Gargoyle Fighter began the quest for the Orb.
     0 | D:1      | Reached XP level 1. HP: 14/14 MP: 1/1
     0 | D:1      | 0 ||| qw: Version: 0.2-a-10-g399e6c4
     0 | D:1      | 0 ||| qw: Game counter: 376
     0 | D:1      | 0 ||| qw: Always use a shield: true
     0 | D:1      | 0 ||| qw: God list: Okawaru
     0 | D:1      | 0 ||| qw: Allow faded altars: false
     0 | D:1      | 0 ||| qw: Do Orc after D:15 true
     0 | D:1      | 0 ||| qw: Do second Lair branch before Depths: true
     0 | D:1      | 0 ||| qw: Lair rune preference: random
     0 | D:1      | 0 ||| qw: Plans: Normal, Zot:1-4, God:TSO, Crypt, Tomb,
                  | Pan, Slime:5, Hells, Abyss, Orb
     0 | D:1      | 0 ||| PLANNING D:1-11
    25 | D:1      | Reached skill level 2 in Axes
   187 | D:1      | 187 ||| Stepping ~*~*~tactically~*~*~ (stealth).
   189 | D:1      | 189 ||| Stepping ~*~*~tactically~*~*~ (stealth).
   192 | D:1      | Reached XP level 2. HP: 16/19 MP: 2/2
   195 | D:1      | 195 ||| Stepping ~*~*~tactically~*~*~ (stealth).
   304 | D:1      | Reached skill level 3 in Axes
   332 | D:1      | Found a faded altar of an unknown god.
   361 | D:1      | Reached XP level 3. HP: 23/23 MP: 3/3
   382 | D:1      | 382 ||| DROPPING +0 club.
  1130 | D:1      | 1130 ||| UPGRADING to +1 hat.
  1135 | D:1      | 1135 ||| READING scroll labelled NAECSE WUSAWK.
  1136 | D:1      | 1136 ||| READING scroll labelled KIOM ZIYXO.
  1137 | D:1      | 1137 ||| READING 2 scrolls labelled DEFO ITIJU.
  1138 | D:1      | 1138 ||| READING scroll labelled MUNALUDWOG.
  1139 | D:1      | 1139 ||| DROPPING scroll of poison.
  1301 | D:2      | 1301 ||| Stepping ~*~*~tactically~*~*~ (stealth).
  1332 | D:2      | 1332 ||| Stepping ~*~*~tactically~*~*~ (stealth).
  1343 | D:2      | Reached XP level 4. HP: 27/28 MP: 4/4
  1348 | D:2      | Reached skill level 4 in Axes
  1428 | D:2      | 1428 ||| DROPPING +0 mace.
  1429 | D:2      | Found a sacrificial altar of Ru.
  1809 | D:2      | 1809 ||| DRINKING 3 murky black potions.
  1810 | D:2      | 1810 ||| DRINKING 2 clear potions.
  1811 | D:2      | 1811 ||| DROPPING 2 potions of flight.
  1829 | D:3      | 1829 ||| STAIRDANCE
  1859 | D:3      | 1859 ||| STAIRDANCE
  2071 | D:3      | Found a runed translucent door.
  2071 | D:3      | Noticed qw's ghost (amateur GrFi)
  2278 | D:3      | You fall into a shaft and drop 3 floors!
  2280 | D:6      | 2280 ||| Stepping ~*~*~tactically~*~*~ (hiding).
  2292 | D:6      | Reached XP level 5. HP: 17/32 MP: 5/5
  2458 | D:6      | Found Jaexelim's General Store.
  2462 | D:6      | 2462 ||| Stepping ~*~*~tactically~*~*~ (stealth).
  2464 | D:6      | 2464 ||| Stepping ~*~*~tactically~*~*~ (hiding).
  2465 | D:6      | 2465 ||| Stepping ~*~*~tactically~*~*~ (hiding).
  2466 | D:6      | 2466 ||| Stepping ~*~*~tactically~*~*~ (hiding).
  2467 | D:6      | 2467 ||| Stepping ~*~*~tactically~*~*~ (hiding).
  2468 | D:6      | 2468 ||| Stepping ~*~*~tactically~*~*~ (hiding).
  2473 | D:6      | Reached skill level 5 in Axes
  2478 | D:6      | HP: 6/32 [gnoll/+0 halberd (11)]
  2481 | D:6      | Mangled by a gnoll

Levels and vault maps discovered:
D:1:      dpeg_arrival_ratfight, layout_loops_ring,
          hellmonk_ecumenical_altar_arch_garden
D:2:      cheibrodos_helix_gallery, layout_rooms, basic_altar,
          grunt_ministairs_13, minivault_5
D:3:      layout_loops_ring, nzn_wu_jian_council_hall, serial_shops,
          shop_statue, hellmonk_ghost_happy_afterlife
D:6:      layout_loops_ring, temple_fountains, serial_demonic, serial_demonic_d,
          serial_demonic_c, serial_demonic_b, serial_demonic_g, serial_shops,
          shop

Skill      XL: |  1  2  3  4  5 |
---------------+----------------+-----
Axes           | 2 3 4 5 |  5.0
Fighting       | |  3.4
Armour         | |  3.2
Shields        | |  3.2

Action                   |  1- 3 |  4- 6 || total
-------------------------+-------+-------++-------
Melee: War axe           |    90 |    81 ||   171
Throw: Boomerang         |    25 |    33 ||    58
  Use: Scroll            |     4 |       ||     4
       Potion            |       |     2 ||     2
Armor: Scale mail        |    49 |    62 ||   111
Dodge: Dodged            |    44 |    38 ||    82
Block: Buckler           |    16 |    14 ||    30

Table legend:
 A = Non-vault XP
 B = Vault XP
 C = Vault XP percentage of total XP
 D = Non-vault monster count
 E = Vault monster count
 F = Vault count percentage of total count
                 A         B        C        D         E       F
            +---------+---------+-------+---------+---------+-------
      Total |     195 |      58 |  22.9 |      56 |      11 |  16.4
            +---------+---------+-------+---------+---------+-------
        D:1 |      46 |       5 |   9.8 |      22 |       5 |  18.5
        D:2 |      69 |      30 |  30.3 |      25 |       4 |  13.8
        D:3 |      10 |       0 |   0.0 |       6 |       0 |   0.0
        D:6 |      70 |      23 |  24.7 |       3 |       2 |  40.0
            +---------+---------+-------+---------+---------+-------
